 Dungeon Crawl Stone Soup version 0.21.1-1-g345015f (webtiles) character file.

52 aronpayne the Ruffian (level 3, 0/36 HPs)
             Began as a Troll Gladiator on May 26, 2018.
             Slain by a sky beast (5 damage)
             ... on level 2 of the Dungeon.
             The game lasted 00:03:35 (654 turns).

aronpayne the Ruffian (Troll Gladiator)              Turns: 654, Time: 00:03:36

Health: 0/36       AC:  5    Str: 23    XL:     3   Next: 60%
Magic:  2/2        EV: 10    Int:  4    God:
Gold:   89         SH:  0    Dex: 11    Spells: 2/2 levels left

rFire    . . .     SeeInvis .     - Unarmed
rCold    . . .     Gourm    +   (no shield)
rNeg     . . .     Faith    .   a - +0 robe
rPois    .         Spirit   .   b - +0 hat
rElec    .         Reflect  .   (no cloak)
rCorr    .         Harm     .   (gloves unavailable)
MR       .....     Rnd*Tele +   (boots unavailable)
Stlth    +.........             (no amulet)
HPRegen  0.52/turn              g - ring of teleportation (curse)
MPRegen  0.08/turn              (no ring)

@: no status effects
A: large, unfitting armour, claws 3, fast metabolism 3, gourmand, regeneration
1, shaggy fur 1, tough skin 2
a: no special abilities


You were on level 2 of the Dungeon.
You were very full.

You visited 1 branch of the dungeon, and saw 2 of its levels.

You collected 89 gold pieces.

Inventory:

Missiles
 c - 3 throwing nets (quivered)
Armour
 a - a +0 robe (worn)
 b - a +0 hat (worn)
Jewellery
 g - a cursed ring of teleportation (left claw)
Scrolls
 j - 2 scrolls of teleportation
Potions
 e - a potion of haste {unknown}
 f - 2 potions of flight
 i - a potion of heal wounds {unknown}
 k - a potion of magic {unknown}
Comestibles
 d - 6 rations
 h - 2 chunks of flesh


   Skills:
 * Level 2.9 Fighting
 - Level 1.7 Throwing
 - Level 2.4 Dodging
 + Level 3.5 Unarmed Combat


You had 2 spell levels left.
You didn't know any spells.

Dungeon Overview and Level Annotations

Branches:
Dungeon (2/15)

Altars:


Innate Abilities, Weirdness & Mutations

You are too large for most types of armour.
You have claws for hands.
Your metabolism is lightning-fast.
You like to eat raw meat.
Your natural rate of healing is unusually fast.
You are covered in fur. (AC +1)
You have very tough skin. (AC +2)


Message History

The kobold throws a stone.
The stone hits you.
You barely miss something. Something hits you but does no damage.
You barely miss the kobold. Something hits you. Something shocks you.
The kobold closely misses you.
You barely miss the kobold. Something hits you but does no damage.
You claw the kobold!
You kill the kobold!
Something hits you but does no damage.
You barely miss something. Something hits you but does no damage.
You scratch something but do no damage. You scratch something.
Something hits you but does no damage.
You miss something. Something hits you. Something shocks you.
You scratch something. Something hits you but does no damage.
You miss something. Something hits you. Something shocks you.
You miss something. Something hits you. Something shocks you.
* * * LOW HITPOINT WARNING * * *
You closely miss something. Something hits you.
* * * LOW HITPOINT WARNING * * *
Something shocks you.
You die...

#..## ##.##
##.............####. ##..#
#...# #.......###.#######.
##.###.#.###.##.........#
#....
#..#..#..#..##.........##...##
##...###...###........>...#.##
#...# #...###.........#....##
##.## ##.###..#.........## #.
### #######...#.....######.
#....{@..##...).##.....
...###)....#####........
#......##..........
#...##..^.##.......
###.##.............
#........#.......
#................
#.........(......
##..##.........<.


There were no monsters in sight!

Vanquished Creatures
  An adder (D:2)
  2 dart slugs (D:1)
  2 leopard geckos (D:1)
  6 bats
  3 giant cockroaches (D:1)
  A goblin (D:1)
  8 hobgoblins
  2 jackals (D:1)
  5 kobolds
  2 frilled lizards (D:1)
  A rat (D:1)
33 creatures vanquished.

Notes
Turn   | Place    | Note
-------+----------+-------------------------------------------
     0 | D:1      | aronpayne the Troll Gladiator began the quest for the Orb.
     0 | D:1      | Reached XP level 1. HP: 19/19 MP: 0/0
    32 | D:1      | Reached XP level 2. HP: 28/28 MP: 1/1
   189 | D:1      | Reached XP level 3. HP: 36/36 MP: 2/2
   637 | D:2      | Noticed a sky beast
   654 | D:2      | Slain by a sky beast

Skill      XL: |  1 |
---------------+----+-----
Fighting       | 2 |  2.9
Throwing       | |  1.7
Dodging        | |  2.4
Unarmed Combat | |  3.5

Action                   || total
-------------------------++-------
Melee: Unarmed           ||    84
  Use: Scroll            ||     3
  Eat: Chunk             ||    11
Armor: Robe              ||    35
Dodge: Dodged            ||    41
